 Dungeon Crawl Stone Soup version 0.25-a0-547-g27a0b5d1ef (webtiles) character file.

Game seed: 15032872050842092537, levelgen mode: deterministic

30858 vurker the Zephyrmancer (level 13, -1/62 HPs)
             Began as a Felid Air Elementalist on Feb 21, 2020.
             Was a High Priest of Vehumet.
             Killed by divine providence
             ... invoked by an orc priest
              (15 damage)
             ... on level 12 of the Dungeon.
             The game lasted 00:41:32 (32437 turns).

vurker the Zephyrmancer (Felid Air Elementalist)   Turns: 32437, Time: 00:41:32

Health: -1/62      AC:  3    Str:  4    XL:     13   Next: 22%
Magic:  22/40      EV: 26    Int: 25    God:    Vehumet [*****.]
Gold:   1289       SH:  0    Dex: 17    Spells: 17/38 levels left
                                        Lives:  0   Deaths: 4

rFire    . . .     SeeInvis +   (weapon unavailable)
rCold    + . .     Gourm    .   (shield unavailable)
rNeg     . . .     Faith    .   (armour unavailable)
rPois    .         Spirit   .   (helmet unavailable)
rElec    .         Reflect  .   (cloak unavailable)
rCorr    .         Harm     +   (gloves unavailable)
MR       +....                  (boots unavailable)
Stlth    +++.......             i - amulet of harm
HPRegen  0.20/turn              g - ring of magical power {=R}
MPRegen  0.27/turn              A - +4 ring of intelligence

@: very slightly contaminated, quick
A: very small, no armour, no weapons or thrown items, stealth, claws 1, fangs 3,
see invisible, carnivore, speed 1, shaggy fur 3, slow metabolism 1, sharp paws
a: Renounce Religion


You were on level 12 of the Dungeon.
You worshipped Vehumet.
Vehumet was extremely pleased with you.
You were very full.

You visited 3 branches of the dungeon, and saw 19 of its levels.

You collected 2789 gold pieces.
You spent 1500 gold pieces at shops.

Inventory:

Jewellery
 g - a ring of magical power (left paw) {=R}
   (You found it on level 3 of the Dungeon)
 i - an amulet of harm (around neck)
   (You found it on level 5 of the Dungeon)
 k - an uncursed ring of protection from magic
   (You found it on level 8 of the Dungeon)
 q - an uncursed ring of poison resistance
   (You bought it in a shop on level 7 of the Dungeon)
 r - an uncursed ring of positive energy
   (You found it on level 10 of the Dungeon)
 y - an uncursed ring of ice
   (You found it on level 11 of the Dungeon)
 A - a +4 ring of intelligence (right paw)
   (You found it on level 11 of the Dungeon)
Wands
 l - a wand of polymorph (14)
   (You found it on level 5 of the Dungeon)
 u - a wand of paralysis (7)
   (You found it on level 11 of the Dungeon)
 v - a wand of digging (10)
   (You found it on level 3 of the Lair of Beasts)
 D - a wand of enslavement (14)
   (You found it on level 10 of the Dungeon)
Scrolls
 b - 5 scrolls of fog
 c - 4 scrolls of immolation
 d - 7 scrolls of identify
 h - 7 scrolls of magic mapping
 j - 2 scrolls of amnesia
 n - 13 scrolls of teleportation
 o - 7 scrolls of remove curse
 E - a scroll of noise
Potions
 a - 6 potions of lignification
 f - 5 potions of heal wounds
 m - 4 potions of curing
 p - 4 potions of resistance
 t - 3 potions of brilliance
 x - 3 potions of flight
 z - 3 potions of haste
 C - a potion of cancellation
 F - 2 potions of invisibility
Miscellaneous
 s - a crystal ball of energy
   (You found it on level 4 of the Lair of Beasts)
Comestibles
 e - 43 rations
 w - a chunk of flesh


   Skills:
 + Level 10.3 Fighting
 + Level 10.8 Dodging
 - Level 2.6 Stealth
 * Level 13.2 Spellcasting
 - Level 8.0 Conjurations
 * Level 13.3 Air Magic


You had 17 spell levels left.
You knew the following spells:

 Your Spells              Type           Power        Failure   Level  Hunger
a - Shock                 Conj/Air       ####         1%          1    None
b - Lightning Bolt        Conj/Air       ######....   1%          5    ###....
c - Airstrike             Air            ######....   1%          4    None
q - Irradiate             Conj/Tmut      #####.....   5%          5    ###....
z - Freezing Cloud        Conj/Ice/Air   ######....   8%          6    #####..

Your spell library contained the following spells:

 Spells                   Type           Power        Failure   Level  Hunger
 Swiftness                Chrm/Air       ######..     1%          2    None
 Static Discharge         Conj/Air       ######..     1%          3    None
 Summon Lightning Spire   Summ/Air       ######..     2%          4    None
 Animate Skeleton         Necr           N/A          3%          1    None
 Infusion                 Chrm           ###.         3%          1    None
 Pain                     Necr           ###.         3%          1    None
 Summon Small Mammal      Summ           ###.         3%          1    None
 Call Imp                 Summ           ###.....     5%          2    None
 Shroud of Golubria       Chrm/Tloc      ###...       5%          2    None
 Song of Slaying          Chrm           ###.....     5%          2    None
 Call Canine Familiar     Summ           ###.....     11%         3    None
 Ozocubu's Armour         Chrm/Ice       ###.....     11%         3    None
 Summon Guardian Golem    Hex/Summ       ###.....     11%         3    None
 Vampiric Draining        Necr           ###.......   11%         3    None
 Animate Dead             Necr           N/A          34%         4    None
 Summon Ice Beast         Ice/Summ       ###.....     34%         4    None
 Agony                    Necr           ###.....     69%         5    ###....
 Spectral Weapon          Hex/Chrm       Unusable     N/A         3    N/A

Dungeon Overview and Level Annotations

Branches:
Dungeon (12/15)            Temple (1/1) D:6            Lair (6/6) D:8
  Swamp (0/4) Lair:3       Spider (0/4) Lair:4        Slime (0/5) Lair:6
    Orc (0/2) D:10

Altars:
Ashenzari
Cheibriados
Dithmenos
Elyvilon
Fedhas
Gozag
Hepliaklqana
Kikubaaqudgha
Makhleb
Nemelex Xobeh
Okawaru
Qazlal
Ru
Sif Muna
Trog
Uskayaw
Vehumet
Wu Jian
Xom
Yredelemnul
Zin
The Shining One
Jiyva

Shops:
D:7 ?!*(!

Portals:
Hell: Lair:6

Annotations:
D:8 1 runed translucent door


Innate Abilities, Weirdness & Mutations

You cannot wear armour.
You are incapable of wielding weapons or throwing items.
Your paws allow you to move quietly. (Stealth)
You have sharp claws.
You have razor-sharp teeth.
You have supernaturally acute eyesight. (SInv)
You are carnivorous and can eat meat at any time.
You cover ground quickly.
Your thick and shaggy fur keeps you warm. (AC +3, rC+)
You have a slow metabolism.
Your sharp claws are effective at attacking unaware monsters.


Message History

The orc warrior shouts!
The orc throws a boomerang.
The boomerang completely misses you.
The weapon returns to the orc!
Found 28 gold pieces, 36 sling bullets, a fuming pink potion and 13 stones.
There are monsters nearby!
There are monsters nearby!
You miscast Freezing Cloud.
You are very lightly contaminated with residual magic.
Smoke pours from your paws!
The orc priest shouts! x2
The orc throws a boomerang.
The boomerang hits you.
The weapon returns to the orc!
The orc closely misses you.
The orc throws a boomerang.
The boomerang completely misses you.
The weapon returns to the orc!
Aim: an orc warrior, wielding a +0 dire flail and wearing a +0 plate armour You miscast Freezing Cloud.
You resist.
You are caught in an explosion of ice and frost!
The explosion engulfs you! You resist.
You hear a croak.
The orc curses to no one in particular.
The orc throws a boomerang.
The boomerang completely misses you.
The weapon returns to the orc!
Aim: an orc warrior, wielding a +0 dire flail and wearing a +0 plate armour The air twists around and strikes the orc warrior!
The orc priest mumbles some strange prayers to Beogh against you.
Beogh smites you!
The orc wizard gestures wildly while chanting.
The orc wizard flickers and vanishes for a moment.
The orc is engulfed in freezing vapours.
You kill the orc!
Vehumet accepts your kill.
You feel your power returning.
The orc priest miscasts a cantrip.
The orc is engulfed in freezing vapours.
You kill the orc!
Vehumet accepts your kill.
The orc warrior is engulfed in freezing vapours.
The orc priest invokes the aid of Beogh against you.
Beogh smites you!
* * * LOW HITPOINT WARNING * * *
The orc warrior is engulfed in freezing vapours.
The orc is engulfed in freezing vapours.
You kill the orc!
Vehumet accepts your kill.
You feel your power returning.
The orc warrior is engulfed in freezing vapours.
The orc priest mumbles some strange prayers to Beogh against you.
Beogh smites you!
You die...

##.....#.....####..### #.##
##... #.....###...#####.##
#..###..## #....##
##.##......## ##.....###
.....## ##..........###......#
......###................##.##
##....##......##..#......#..#
####............##....#...## #
#............###...#...# ###
#.........(.@###...##..#
..###...........o..#.......#
.......######......).....###
#......## ##.§o§......##
........# #.§§§......###
........### ##§§§........#
#.........### #ooo........#
#...........###.o.........#
#.....##...≈≈≈.§§§≈≈..##..##


You could see 2 orc warriors, 2 orc priests, an orc wizard (invisible) and an
orc.

Vanquished Creatures
  A dire elephant (Lair:6)
  Harold (Lair:1)
  7 hydras
  4 death yaks
  A catoblepas (Lair:3)
  3 two-headed ogres
  Urug (D:12)
  The ghost of zikan the Geomancer, a novice GrEE of Vehumet (D:6)
  A sixfirhy (Lair:6)
  A wizard (Lair:6)
  3 oklob plants
  2 cyclopes
  2 ugly things
  3 elephants
  6 black mambas
  Psyche (D:12)
  A smoke demon (Lair:6)
  2 rime drakes (Lair:6)
  16 spiny frogs
  3 orange demons (Lair:6)
  8 komodo dragons
  2 ice devils (Lair:6)
  2 trolls
  A polar bear (Lair:6)
  3 jumping spiders (Lair:4)
  2 hornets
  2 tyrant leeches (Lair:3)
  15 blink frogs
  10 dream sheep (Lair:5)
  9 hippogriffs
  3 redbacks (Lair:4)
  2 shadows
  Eustachio (D:5)
  37 yaks
  A spriggan (D:7)
  A wraith (D:12)
  4 wyverns
  2 basilisks
  3 hungry ghosts
  5 hell hounds (Lair:6)
  15 water moccasins
  10 porcupines
  3 black bears
  2 orc warriors
  3 eyes of draining
  3 sky beasts
  4 ogres
  4 phantoms
  33 wolves
  5 centaurs
  14 crocodiles
  A big kobold (D:7)
  17 bullfrogs
  5 scorpions
  A water moccasin skeleton (D:8)
  4 wights (D:11)
  3 electric eels
  4 howler monkeys
  5 crimson imps
  A centaur zombie (D:6)
  4 bullfrog zombies
  5 hounds
  11 orc wizards
  2 bullfrog skeletons
  3 centaur skeletons
  6 orc priests
  An iguana (D:9)
  Jessica (D:8)
  10 worker ants
  2 hound skeletons (D:4)
  A worker ant zombie (D:9)
  12 adders
  9 gnolls
  5 shadow imps
  2 oozes
  An adder skeleton (D:4)
  3 adder zombies (D:6)
  3 worms
  2 dart slugs
  6 leopard geckos
  39 orcs
  10 giant cockroaches
  12 goblins
  6 hobgoblins
  15 jackals
  9 quokkas
  A ball python (D:5)
  5 bats
  3 frilled lizards
  A jackal zombie (D:7)
  9 kobolds
  A quokka skeleton (D:7)
  9 rats
519 creatures vanquished.

Vanquished Creatures (others)
  36 fungi
  7 plants
43 creatures vanquished.

Grand Total: 562 creatures vanquished

Notes
Turn   | Place    | Note
-------+----------+-------------------------------------------
     0 | D:1      | vurker the Felid Air Elementalist began the quest for the
                  | Orb.
     0 | D:1      | Reached XP level 1. HP: 7/7 MP: 4/4
    39 | D:1      | Reached skill level 1 in Conjurations
   260 | D:1      | Reached XP level 2. HP: 3/12 MP: 0/6
  1257 | D:2      | Reached XP level 3. HP: 15/15 MP: 0/7
  1522 | D:2      | Reached skill level 1 in Fighting
  2880 | D:2      | Reached XP level 4. HP: 19/19 MP: 6/9
  3599 | D:3      | Found an ornate altar of the Wu Jian Council.
  3601 | D:3      | Found a stormy altar of Qazlal.
  4817 | D:3      | Found a stormy altar of Qazlal.
  4818 | D:3      | Found an ornate altar of the Wu Jian Council.
  5235 | D:4      | Reached XP level 5. HP: 22/22 MP: 10/10
  5618 | D:4      | Noticed an ogre
  5625 | D:4      | Learned a level 4 spell: Airstrike
  5632 | D:4      | Killed an ogre
  5632 | D:4      | Gained mutation: You are covered in thick fur. (AC +2)
                  | [Felid growth]
  5632 | D:4      | Reached XP level 6. HP: 26/26 MP: 12/12
  6354 | D:5      | Entered Level 5 of the Dungeon
  6363 | D:4      | Learned a level 5 spell: Lightning Bolt
  6385 | D:5      | Noticed a sky beast
  6790 | D:5      | Reached XP level 7. HP: 30/30 MP: 14/14
  6912 | D:5      | Reached skill level 5 in Air Magic
  6985 | D:5      | Found a bloodstained altar of Trog.
  7270 | D:5      | Reached skill level 5 in Spellcasting
  7525 | D:5      | Found an opulent altar of Gozag.
  7571 | D:5      | Reached XP level 8. HP: 4/34 MP: 10/16
  7577 | D:5      | Killed from afar by an orc wizard
  7578 | D:5      | Reached XP level 7. HP: -3/31 MP: 7/24
  7956 | D:5      | Noticed Eustachio
  7959 | D:5      | Killed Eustachio
  8344 | D:6      | Found a shattered altar of Ashenzari.
  8652 | D:6      | Reached XP level 8. HP: 36/36 MP: 13/17
  8855 | D:6      | Found a runed translucent door.
  9303 | D:6      | Found a staircase to the Ecumenical Temple.
  9312 | Temple   | Entered the Ecumenical Temple
  9872 | D:6      | Noticed zikan's ghost (novice GrEE)
  9878 | D:6      | Killed zikan's ghost
  9878 | D:6      | Reached XP level 9. HP: 40/40 MP: 11/20
 10036 | D:7      | Found Kagirr's General Store.
 10042 | D:7      | Reached skill level 5 in Fighting
 10404 | D:7      | Bought a scroll of teleportation for 42 gold pieces
 10404 | D:7      | Bought a scroll of immolation for 49 gold pieces
 10404 | D:7      | Bought a scroll of identify for 28 gold pieces
 10407 | D:7      | Found Koschat's Distillery.
 10510 | D:7      | Found Iklylax's Distillery.
 10517 | D:7      | Found Feurogon's Antique Weapon Shop.
 10744 | D:7      | Found a radiant altar of Vehumet.
 10789 | D:7      | Found Webos's Magic Scroll Shoppe.
 11272 | D:8      | Found a runed translucent door.
 11273 | D:8      | Noticed a sixfirhy
 11354 | D:7      | Became a worshipper of Vehumet
 11578 | D:8      | Reached skill level 5 in Conjurations
 11842 | D:8      | Found a staircase to the Lair.
 12074 | D:8      | Noticed a two-headed ogre
 12079 | D:8      | Killed a two-headed ogre
 12079 | D:8      | Reached XP level 10. HP: 45/45 MP: 11/23
 12507 | D:8      | Noticed Jessica
 12508 | D:8      | Killed Jessica
 12530 | D:8      | Found a shimmering blue altar of Sif Muna.
 12898 | D:9      | Reached * piety under Vehumet
 12898 | D:9      | Offered knowledge of Sandblast by Vehumet.
 13655 | D:9      | Found a snail-covered altar of Cheibriados.
 13928 | D:10     | Entered Level 10 of the Dungeon
 14611 | D:7      | Bought a scroll of acquirement for 520 gold pieces
 14613 | D:7      | Identified the ring "Eklo" {Fire Slay+3} (You acquired it
                  | on level 7 of the Dungeon)
 14652 | D:7      | Bought an uncursed ring of poison resistance for 280 gold
                  | pieces
 14689 | D:7      | Bought a scroll of teleportation for 30 gold pieces
 14689 | D:7      | Bought a scroll of fog for 20 gold pieces
 14689 | D:7      | Bought a scroll of magic mapping for 35 gold pieces
 14721 | D:7      | Bought a potion of brilliance for 56 gold pieces
 14721 | D:7      | Bought a potion of haste for 140 gold pieces
 14736 | D:7      | Bought a potion of heal wounds for 75 gold pieces
 14736 | D:7      | Bought a potion of haste for 150 gold pieces
 14736 | D:7      | Bought a potion of heal wounds for 75 gold pieces
 14858 | D:10     | Found a staircase to the Orcish Mines.
 14875 | D:10     | Reached ** piety under Vehumet
 15094 | D:10     | Offered knowledge of Searing Ray by Vehumet.
 15874 | D:11     | Noticed a cyclops
 15878 | D:11     | Hit by a large rock thrown by a cyclops
 15879 | D:11     | Reached XP level 9. HP: -4/42 MP: 2/32
 15881 | D:11     | Reached XP level 10. HP: 46/46 MP: 24/24
 16063 | D:11     | Noticed a red ugly thing
 16659 | D:11     | Noticed a four-headed hydra
 16671 | D:11     | Killed a four-headed hydra
 16772 | D:11     | Noticed a two-headed ogre
 16775 | D:11     | Killed a two-headed ogre
 16775 | D:11     | Offered knowledge of Conjure Flame by Vehumet.
 16775 | D:11     | Reached skill level 5 in Dodging
 16775 | D:11     | Reached skill level 10 in Air Magic
 16886 | D:11     | Killed a red ugly thing
 16958 | D:11     | Hit by a large rock thrown by a cyclops
 16959 | D:11     | Reached XP level 9. HP: -7/43 MP: 21/32
 16970 | D:11     | Reached XP level 10. HP: 47/47 MP: 21/24
 17191 | D:11     | Noticed a four-headed hydra
 17195 | D:11     | Killed a four-headed hydra
 17350 | D:11     | Killed a cyclops
 17350 | D:11     | Reached skill level 10 in Spellcasting
 17678 | Lair:1   | Entered Level 1 of the Lair of Beasts
 17678 | Lair:1   | Noticed a spiny frog
 17678 | Lair:1   | Noticed a spiny frog
 17683 | D:8      | Killed a spiny frog
 17755 | D:8      | Killed a spiny frog
 17755 | D:8      | Reached *** piety under Vehumet
 17995 | Lair:1   | Noticed a spiny frog
 17998 | Lair:1   | Killed a spiny frog
 18116 | Lair:1   | You fall into a shaft and drop 1 floor!
 18120 | Lair:1   | Noticed a spiny frog
 18123 | Lair:1   | Killed a spiny frog
 18222 | Lair:1   | Reached XP level 11. HP: 50/50 MP: 26/26
 18465 | Lair:1   | Noticed Harold
 18473 | Lair:1   | Killed Harold
 19105 | Lair:2   | Offered knowledge of Ignite Poison by Vehumet.
 21310 | Lair:3   | Noticed a catoblepas
 21320 | Lair:3   | Killed a catoblepas
 21320 | Lair:3   | Reached **** piety under Vehumet
 21492 | Lair:3   | Noticed an eight-headed hydra
 21496 | Lair:3   | Killed an eight-headed hydra
 21510 | Lair:3   | Offered knowledge of Fireball by Vehumet.
 21940 | Lair:3   | Gained mutation: Your thick and shaggy fur keeps you warm.
                  | (AC +3, rC+) [Felid growth]
 21940 | Lair:3   | Reached XP level 12. HP: 27/56 MP: 26/28
 23576 | Lair:3   | Found a staircase to the Swamp.
 24133 | Lair:4   | Noticed an eight-headed hydra
 24138 | Lair:4   | Killed an eight-headed hydra
 25010 | Lair:4   | Found a hole to the Spider Nest.
 25843 | Lair:5   | Reached ***** piety under Vehumet
 25843 | Lair:5   | Offered knowledge of Irradiate by Vehumet.
 25856 | Lair:5   | Learned a level 5 spell: Irradiate
 25922 | Lair:5   | Reached XP level 13. HP: 60/60 MP: 13/30
 27647 | Lair:6   | Entered Level 6 of the Lair of Beasts
 28684 | Lair:5   | Reached skill level 10 in Dodging
 29366 | Lair:6   | Reached skill level 10 in Fighting
 29779 | Lair:6   | Found a viscous altar of Jiyva.
 29779 | Lair:6   | Found a staircase to the Slime Pits.
 29958 | Lair:6   | Noticed a dire elephant
 30207 | Lair:6   | Killed a dire elephant
 30351 | Lair:6   | Found a burning altar of Makhleb.
 30396 | Lair:6   | Killed from afar by a smoke demon
 30397 | Lair:6   | Reached XP level 12. HP: -17/58 MP: 19/39
 30694 | Lair:6   | Offered knowledge of Freezing Cloud by Vehumet.
 30694 | Lair:6   | Reached XP level 13. HP: 33/61 MP: 2/31
 30954 | Lair:6   | Found a gateway to Hell.
 30970 | Lair:6   | Learned a level 6 spell: Freezing Cloud
 31833 | D:12     | Noticed Psyche
 31838 | D:12     | Killed Psyche
 31912 | D:12     | Noticed Urug
 31924 | D:12     | Killed Urug
 32045 | D:12     | Identified the cursed +1 whip "Nuaqyun" {venom, +Blink}
 32437 | D:12     | Killed from afar by an orc priest

Levels and vault maps discovered:
D:1:      lightli_arrival_maybe_door_vault, layout_rooms, minmay_misc_feat_tiny
D:2:      layout_basic, minmay_pentomino_t2
D:3:      layout_rooms, chequers_temple_overflow_statue_of_worship,
          lemuel_another_geyser
D:4:      layout_cave_pods, st_stairs_11
D:5:      layout_cave_pods, trog_eyes_of_draining, first_ration,
          grunt_gozag_statues, uniq_eustachio
D:6:      layout_loops_ring, nicolae_ashenzari_panopticon,
          minmay_temple_entry_arrows, ebering_ghost_reflecting_pool
D:7:      layout_rooms, nicolae_overflow_hidden_temple, serial_shops,
          shop_coins, nicolae_shop_crystal, shop, shop, shop, the_bakery
D:8:      cheibrodos_shockbox, layout_basic, tgw_sif,
          due_lair_maze_entry_diamond
D:9:      layout_loops_ring, slow_altar_1
D:10:     layout_roguey, david_orc_2, minmay_chambers_of_fives
D:11:     layout_cave_pools
D:12:     layout_layer_cave, minmay_orc_keep, uniq_psyche, uniq_frances,
          uniq_urug, uniq_nergalle
Temple:   regret_index_temple_generic_petals
Lair:1:   layout_hall_layers, lemuel_fruit_tree, uniq_harold
Lair:2:   wander_river, layout_misc_corridors, grunt_megastairs_4
Lair:3:   layout_gridlike, minmay_swamp_entry_worms,
          grunt_forest_large_clearings, lemuel_fruit_fields
Lair:4:   layout_regular_city, nicolae_spider_entry_tight_spaces, serial_forest,
          infiniplex_forest_clump_curved, infiniplex_forest_clump_small,
          infiniplex_forest_fountain, infiniplex_forest_straight_2,
          infiniplex_forest_clump_medium, serial_bayou_ford_a, minivault_24
Lair:5:   layout_regular_city, wad_woods_river_01, minmay_lair_oklob_chamber
Lair:6:   evil_forest, layout_hall_layers, dpeg_slime_entry_enclosed_altar

Skill      XL: |  1  2  3  4  5  6  7  8  9 10 11 12 13 |
---------------+----------------------------------------+-----
Conjurations   | 1 2 3 4 5 8 |  8.0
Air Magic      | 3 4 6 7 8 10 11 12 13 | 13.3
Fighting       | 1 2 4 5 7 8 9 10 | 10.3
Spellcasting   | 3 4 5 6 8 10 11 12 13 | 13.2
Dodging        | 6 7 9 10 | 10.8
Stealth        | |  2.6

Action                   |  1- 3 |  4- 6 |  7- 9 | 10-12 | 13-15 || total
-------------------------+-------+-------+-------+-------+-------++-------
Melee: Unarmed           |    29 |       |     3 |     4 |     1 ||    37
       Bite              |     1 |       |       |       |       ||     1
 Cast: Shock             |   113 |   158 |    36 |     7 |     1 ||   315
       Airstrike         |       |     2 |   142 |   508 |   227 ||   879
       Lightning Bolt    |       |       |       |     1 |     4 ||     5
       Freezing Cloud    |       |       |       |       |     6 ||     6
       Irradiate         |       |       |       |       |     3 ||     3
  Use: Potion            |     2 |       |     1 |     2 |     2 ||     7
       Scroll            |       |     1 |    10 |     8 |     2 ||    21
  Eat: Chunk             |    12 |     8 |    35 |    45 |    18 ||   118
Armor: Skin              |     3 |     1 |       |     5 |       ||     9
Dodge: Dodged            |    49 |    47 |    16 |    76 |    32 ||   220

Table legend:
 A = Non-vault XP
 B = Vault XP
 C = Vault XP percentage of total XP
 D = Non-vault monster count
 E = Vault monster count
 F = Vault count percentage of total count
                 A         B        C        D         E       F
            +---------+---------+-------+---------+---------+-------
      Total |   54262 |   27198 |  33.4 |     396 |     123 |  23.7
            +---------+---------+-------+---------+---------+-------
        D:1 |      33 |       0 |   0.0 |      21 |       0 |   0.0
        D:2 |      65 |       4 |   5.8 |      25 |       2 |   7.4
        D:3 |      85 |       0 |   0.0 |      16 |       0 |   0.0
        D:4 |     345 |      54 |  13.5 |      15 |       4 |  21.1
        D:5 |     811 |     461 |  36.2 |      22 |       5 |  18.5
        D:6 |     914 |     804 |  46.8 |      29 |       1 |   3.3
        D:7 |     395 |     205 |  34.2 |      23 |       1 |   4.2
        D:8 |    3234 |    1023 |  24.0 |      23 |       9 |  28.1
        D:9 |    1478 |       5 |   0.3 |      19 |       1 |   5.0
       D:10 |    2405 |     335 |  12.2 |      28 |      11 |  28.2
       D:11 |    7938 |       0 |   0.0 |      41 |       0 |   0.0
       D:12 |    3708 |    1276 |  25.6 |      15 |       5 |  25.0
     Lair:1 |    1999 |    1023 |  33.9 |       9 |       1 |  10.0
     Lair:2 |    1787 |    2755 |  60.7 |      13 |      11 |  45.8
     Lair:3 |    8074 |    4250 |  34.5 |      28 |      33 |  54.1
     Lair:4 |    4381 |    1564 |  26.3 |      17 |       6 |  26.1
     Lair:5 |    8798 |    2425 |  21.6 |      32 |       7 |  17.9
     Lair:6 |    7812 |   11014 |  58.5 |      20 |      26 |  56.5
            +---------+---------+-------+---------+---------+-------
